 Dungeon Crawl Stone Soup version 0.29-a0-1009-g60c99734e7 (webtiles) character file.

Game seed: 1941148214825905390

482634 benadryl the Conqueror (level 24, -8/178 (181) HPs)
             Began as a Gargoyle Berserker on July 25, 2022.
             Was a Follower of Jiyva.
             Mangled by a stone giant (17 damage)
             ... created by the rage of Trog
             ... on level 1 of the Depths on Aug 8, 2022.
             The game lasted 03:37:53 (43749 turns).

benadryl the Conqueror (Gargoyle Berserker)        Turns: 43749, Time: 03:37:54

HP:   -8/178 (181)  AC: 59    Str: 29    XL:     24   Next: 21%
MP:   23/23         EV:  9    Int: 12    God:    Jiyva [*.....]
Gold: 2575          SH:  0    Dex:  9    Spells: 23/23 levels left

rFire   + + .      SeeInvis +   b - +10 battleaxe of the Crawling Thing {vorpal, rPois rC+++ Stlth+}
rCold   + + +      Faith    .   (shield currently unavailable)
rNeg    + . .      Spirit   .   W - +9 gold dragon scales
rPois   ∞          Reflect  .   R - +2 helmet {SInv}
rElec   +          Harm     .   U - +0 cloak {rF+}
rCorr   .          Rampage  .   A - +2 pair of gloves
Will    +++..                   L - +2 pair of boots
Stlth   ..........              w - amulet of regeneration
HPRegen 1.99/turn               G - ring of willpower
MPRegen 0.43/turn               E - ring "Tucvyunk" {+Blink rElec rC+ Will+}

@: about to teleport, flying, slowed, studying 2 skills, lightly drained, very
slow
A: sickness immunity, AC +18, big wings, negative energy resistance 1,
electricity resistance, torment resistance 1, petrification resistance
}: 4/15 runes: decaying, serpentine, silver, abyssal
a: Renounce Religion, Evoke Blink


You were on level 1 of the Depths.
You worshipped Jiyva.
Jiyva was aware of your devotion.
You visited 8 branches of the dungeon, and saw 39 of its levels.
You visited the Abyss 1 time.
You also visited: Sewer, Bailey, Gauntlet, Ice Cave and Volcano.

You collected 6427 gold pieces.
You spent 3852 gold pieces at shops.

Inventory:

Hand Weapons
 a - the +10 battleaxe "Waul" {antimagic, rC+ rN+ SInv}
   (Trog gifted it to you on level 2 of the Elven Halls)

   It reduces the magical energy of the wielder, and disrupts the spells and
   magical abilities of those it strikes.
   Natural abilities and divine invocations are not affected.
   rC:        It protects you from cold.
   rN:        It protects you from negative energy.
   SInv:      It lets you see invisible.
 b - the +10 battleaxe of the Crawling Thing (weapon) {vorpal, rPois rC+++ Stlth+}
   (Trog gifted it to you on level 3 of the Elven Halls)

   It inflicts extra damage upon your enemies.
   rC:        It renders you almost immune to cold.
   rPois:     It protects you from poison.
   Stlth:     It makes you more stealthy.
 n - a +7 executioner's axe of protection
Missiles
 l - 9 throwing nets
 B - 8 silver javelins (quivered)
 K - 2 javelins
Armour
 A - a +2 pair of gloves (worn)
 L - a +2 pair of boots (worn)
 R - a +2 helmet of see invisible (worn)
 U - a +0 cloak of fire resistance (worn)
 W - +9 gold dragon scales (worn)
Jewellery
 w - an amulet of regeneration (around neck)
 E - the ring "Tucvyunk" (right hand) {+Blink rElec rC+ Will+}
   (You bought it in a shop on level 2 of the Snake Pit)

   [ring of protection from cold]

   rC:        It protects you from cold.
   rElec:     It insulates you from electricity.
   +Blink:    It lets you blink.
   Will:      It increases your willpower.
 G - a ring of willpower (left hand)
Wands
 p - a wand of iceblast (20)
 q - a wand of charming (55)
 s - a wand of polymorph (28)
 t - a wand of digging (6)
 x - a wand of flame (122)
 z - a wand of acid (27)
 J - a wand of mindburst (19)
Scrolls
 e - 3 scrolls of immolation
 f - 3 scrolls of torment
 m - 7 scrolls of poison
 o - 15 scrolls of identify {@r1}
 r - a scroll of acquirement
 y - 3 scrolls of blinking
 C - a scroll of enchant armour
 D - 7 scrolls of teleportation
 I - a scroll of summoning
 N - 5 scrolls of magic mapping
 P - 5 scrolls of silence
 Q - 3 scrolls of fog
 S - 9 scrolls of vulnerability
 Y - 4 scrolls of fear
 Z - 2 scrolls of noise
Potions
 c - 8 potions of haste
 g - 10 potions of heal wounds
 h - a potion of attraction
 i - 13 potions of curing {@q1}
 j - 6 potions of ambrosia
 k - 8 potions of might
 u - 12 potions of mutation
 v - 4 potions of invisibility
 H - 10 potions of lignification
 V - 5 potions of resistance
 X - a potion of berserk rage
Miscellaneous
 d - a box of beasts
 F - a condenser vane (inert)
 O - a lightning rod (4/4)


   Skills:
 O Level 27 Fighting
 + Level 26.9 Axes
 - Level 10.1 Throwing
 + Level 13.2 Armour
 + Level 12.0 Dodging
 - Level 6.7 Evocations


You had 23 spell levels left.
You didn't know any spells.
Your spell library was empty.

Dungeon Overview and Level Annotations

Branches:
Dungeon (15/15)            Temple (0/1) D:7            Lair (5/5) D:9
  Swamp (4/4) Lair:2        Snake (4/4) Lair:3        Slime (0/5) Lair:4
    Orc (2/2) D:12            Elf (3/3) Orc:2        Vaults (5/5) D:14
  Crypt (0/3) Vaults:2     Depths (1/4) D:15          Sewer (visited)
 Bailey (visited)           IceCv (visited)         Volcano (visited)
Gauntlet (visited)

Altars:
Ashenzari
Dithmenos
Elyvilon
Qazlal
Sif Muna
Trog
Vehumet
Zin
The Shining One
Jiyva

Shops:
D:4 *   D:14 (   Orc:1 :   Orc:2 [*[?(   Elf:1 *   Snake:2 =:=   Vaults:1 =

Annotations:
D:3 exclusion: kobold
D:13 2 transporters, exclusions: obsidian statue and orange crystal statue, Fugryada's ghost, journeyman VSEn
Lair:1 2 transporters
Lair:2 exclusion: door
Elf:2 5 runed translucent doors


Innate Abilities, Weirdness & Mutations

You are immune to sickness and miasma.
Your stone body is resilient. (AC +18)
You are immune to poison.
Your large and strong wings let you fly.
You resist negative energy. (rN+)
You are resistant to electric shocks. (rElec)
You are resistant to unholy torment.
You are immune to petrification.


Message History

You kill the stone giant!
You cut the frost giant into ribbons!!!
The frost giant is severely wounded.
You hear a shout!
You slice the frost giant!!
You kill the frost giant!
Things that are here:
a +2 battleaxe of freezing; 4 large rocks; a frost giant corpse Trog sends monsters to punish you.
The divine experience drains your vigour!
You feel yourself slow down. 3 stone giants, an iron troll and 2 polar bears come into view.
The stone giant shouts!
The stone giant hits you!! The iron troll bites you!!!
The iron troll closely misses you.
The iron troll claws you but does no damage.
The stone giant throws a large rock.
The large rock closely misses you.
The stone giant hits you but does no damage.
The iron troll closely misses you.
The iron troll claws you but does no damage.
The iron troll barely misses you.
The stone giant throws a large rock.
The large rock hits you but does no damage.
The stone giant barely misses you. The iron troll bites you.
The iron troll claws you. The iron troll closely misses you.
Things that are here:
a +2 battleaxe of freezing; 4 large rocks; a frost giant corpse The iron troll attacks as you move away!
The iron troll bites you!! The iron troll barely misses you.
The iron troll claws you!
The stone giant attacks as you move away!
The stone giant barely misses you. x2; The stone giant hits you!!
As you read the scroll of teleportation, it crumbles to dust.
You feel strangely unstable. The stone giant closely misses you.
You hear a shout!
The stone giant hits you!!
* * * LOW HITPOINT WARNING * * *
The stone giant hits you!!
* * * LOW HITPOINT WARNING * * *
The stone giant hits you!
You die...

#........................##..#
#...........................#.
#.)(..........................
#.............#...............
#.............###.............
#.)............#####.#..#.....
#...........#### ###.##.....
#...........C#.## ###...#..
#.=.........#@..# ##.###.
#...........C###..# ## #.
#..........hC.# .# #.
#...........h.# .. ..
#.............#.# ..
#............#.#
#.............#.#
#............#.###
#..................


You could see 3 stone giants and 2 polar bears.

Vanquished Creatures
  A dread lich (Vaults:5)
  A golden dragon (Vaults:5)
  Vashnia (Snake:3)
  Nikola (Snake:1)
  6 tentacled monstrosities
  The ghost of Atuuduag the Deadly Accurate, an adept OgGl of the Shining One (Swamp:2)
  5 titans (Vaults:5)
  A lich (Vaults:5)
  3 deep elf master archers (Elf:3)
  4 deep elf blademasters (Elf:3)
  2 tentacled starspawn (Abyss:4)
  Gastronok (Lair:1)
  A quicksilver dragon (Vaults:5)
  Agnes (Elf:1)
  2 shadow dragons (Vaults:5)
  5 tengu reavers
  A sphinx (Vaults:5)
  2 storm dragons (Vaults:5)
  2 fire giants
  4 fenstrider witches (Swamp:4)
  5 frost giants
  2 nagarajas (Snake:4)
  2 orc warlords
  An iron dragon (Vaults:5)
  3 deep elf sorcerers (Elf:3)
  Louise (Snake:4)
  29 vault wardens
  4 ghouls
  5 deep elf elementalists (Elf:3)
  Aizul (Snake:1)
  4 war gargoyles
  7 very ugly things
  A reaper (Swamp:4)
  21 ironbound preservers
  14 stone giants
  5 deep elf demonologists
  Nessos (D:12)
  8 ironbound thunderhulks
  3 entropy weavers
  5 eleionomae
  A minotaur (Gauntlet)
  Azrael (Elf:1)
  9 deep elf annihilators
  7 dire elephants
  3 bunyips
  A crystal guardian (Vaults:4)
  A green death (Swamp:4)
  8 ettins
  4 deep elf death magi
  4 deep elf high priests (Elf:3)
  2 shambling mangroves
  A jiangshi (Vaults:2)
  2 spectral fenstrider witches (Swamp:2)
  Fannar (D:10)
  9 yaktaur captains
  7 great orbs of eyes
  5 ice dragons (IceCv)
  The ghost of Pooter the Skirmisher, a journeyman MiMo of Lugonu (D:10)
  Harold (D:9)
  2 peacekeepers
  Erolcha (D:10)
  A boulder beetle (shapeshifter) (Vaults:2)
  43 vault guards
  3 ghost crabs
  24 ironbound frosthearts
  6 ogre magi
  8 hydras
  5 salamander tyrants
  5 centaur warriors
  3 anacondas
  5 boulder beetles
  A death knight (Vaults:2)
  11 two-headed ogres
  Erica (D:9)
  10 alligators
  16 naga warriors
  2 vampire magi (Depths:1)
  2 deep troll shamans (Depths:1)
  A satyr (shapeshifter) (Vaults:5)
  An orc high priest (Orc:2)
  A deep troll earth mage (Depths:1)
  5 shock serpents
  10 dancing weapons
  3 spriggan berserkers
  22 naga sharpshooters
  Urug (D:10)
  A shadow wraith (Vaults:5)
  10 deep elf knights
  2 soul eaters (Swamp:4)
  A wretched star (Abyss:4)
  6 hell knights
  A fire crab (Abyss:4)
  2 goliath frogs
  7 salamander mystics
  4 skeletal warriors
  3 iron trolls
  5 spriggan druids (Swamp:4)
  A steelbarb worm (shapeshifter) (Vaults:5)
  4 sea snakes (Snake:4)
  2 glowing orange brains (Gauntlet)
  50 deep trolls
  An orb spider (Abyss:4)
  3 swamp dragons
  23 wizards
  A fenstrider witch simulacrum (Swamp:2)
  An orange crystal statue (IceCv)
  24 ironbound convokers
  11 deep elf archers
  11 lindwurms
  5 bog bodies
  10 orc knights
  8 naga ritualists
  3 necromancers
  29 deep elf pyromancers
  3 phantasmal warriors (Vaults:5)
  14 deep elf zephyrmancers
  An oklob plant (Lair:3)
  A stone giant zombie (Vaults:3)
  A mana viper (shapeshifter) (Vaults:4)
  13 mana vipers
  2 wolf spiders (Vaults:5)
  2 orc sorcerers
  3 manticores
  32 ugly things
  6 will-o-the-wisps
  4 cyclopes
  23 salamanders
  24 naga magi
  An apocalypse crab (Abyss:4)
  26 vault sentinels
  27 black mambas
  16 elephants
  A gargoyle (D:11)
  2 molten gargoyles (Volcano)
  16 cane toads
  3 orange demons (Swamp:4)
  4 guardian serpents
  A cane toad (shapeshifter) (D:13)
  4 centaur skeletons (D:14)
  Psyche (D:9)
  7 rime drakes
  Maggie (D:10)
  35 yaktaurs
  A yaktaur zombie (Vaults:3)
  A freezing wraith (Abyss:4)
  A tengu conjurer (D:15)
  9 komodo dragons
  A spectral death drake (Swamp:2)
  An efreet (D:13)
  A human zombie (Vaults:3)
  A yaktaur (shapeshifter) (Elf:1)
  3 hellwings (Swamp:4)
  8 trolls
  2 bloated husks
  A hornet (shapeshifter) (D:15)
  23 polar bears
  6 tyrant leeches
  A tarantella (shapeshifter) (Vaults:5)
  18 hornets
  Prince Ribbit (D:8)
  3 raiju
  8 blink frogs
  7 dream sheep (Lair:5)
  24 slime creatures
  Sigmund (D:5)
  2 shadows (D:12)
  3 starcursed masses (Abyss:4)
  A vampire (D:11)
  2 jumping spiders (Lair:2)
  A centaur simulacrum (D:15)
  3 wraiths
  A ynoxinul (Abyss:4)
  48 yaks
  6 water elementals
  24 spriggans
  7 wyverns
  Grum (D:9)
  An elf simulacrum (Vaults:3)
  3 basilisks
  A fire bat (Volcano)
  7 fire elementals
  A steam dragon (D:6)
  A basilisk (shapeshifter) (D:14)
  9 vampire mosquitoes
  2 redbacks
  A neqoxec (Swamp:4)
  2 chaos spawn
  14 swamp worms
  3 wargs
  53 nagas
  An acid dragon (D:13)
  Pargi (Sewer)
  5 hell hounds (Elf:1)
  11 water moccasins
  28 orc warriors
  5 swamp drakes
  3 ice beasts
  A meliai simulacrum (D:15)
  11 black bears
  6 ogres
  4 sky beasts
  4 spriggan simulacra (Swamp:2)
  32 wolves
  14 centaurs
  4 boggarts (Lair:5)
  A phantom (D:4)
  9 kobold brigands
  A necrophage (D:6)
  2 gnoll sergeants
  9 bullfrogs
  4 earth elementals
  5 scorpions
  5 wights
  5 killer bees (D:10)
  9 electric eels
  8 howler monkeys
  5 lava snakes
  3 hounds
  4 gnoll boudas
  37 orc priests
  2 jellies (D:6)
  2 iguanas
  Ijyb (D:3)
  6 hell rats (Lair:5)
  27 orc wizards
  A lightning spire (Gauntlet)
  Robin (D:2)
  21 gnolls
  5 adders
  A white imp (D:5)
  3 ufetubi (D:5)
  3 worms
  3 dart slugs
  130 orcs
  5 bats
  4 endoplasms
  5 giant cockroaches
  14 goblins
  3 hobgoblins
  3 jackals (D:3)
  30 kobolds
  2 quokkas
  3 ball pythons
  7 frilled lizards
  4 rats
  A plant (Lair:5)
  A starspawn tentacle (Abyss:4)
  A tentacle (Abyss:4)
1776 creatures vanquished.

Vanquished Creatures (collateral kills)
  Jorgrun (D:15)
  A kraken (Abyss:4)
  A tengu reaver (Vaults:5)
  3 deep elf sorcerers (Elf:3)
  An orc warlord (Orc:1)
  A ghoul (Swamp:4)
  A deep elf elementalist (Elf:3)
  A vault warden (Vaults:3)
  A very ugly thing (Vaults:5)
  An ironbound preserver (Vaults:3)
  3 dire elephants (Vaults:3)
  A white draconian (IceCv)
  A rakshasa (Abyss:4)
  A yaktaur captain (Vaults:3)
  7 hydras
  2 naga warriors (Snake:3)
  2 anacondas (Snake:1)
  2 two-headed ogres (Volcano)
  An orc high priest (Orc:2)
  A satyr (shapeshifter) (Vaults:5)
  A swamp dragon (Swamp:3)
  3 deep trolls
  A naga ritualist (Snake:1)
  2 mana vipers (Snake:1)
  2 smoke demons (Abyss:4)
  A black mamba (Snake:1)
  An apocalypse crab (Abyss:4)
  A wind drake (D:15)
  2 starcursed masses (Abyss:4)
  A ynoxinul (Abyss:4)
  3 nagas
  A swamp worm (Swamp:2)
  2 orc warriors
  An ogre (Orc:2)
  3 orcs
  2 tentacles (Abyss:4)
60 creatures vanquished.

Vanquished Creatures (others)
  A fire giant (Vaults:5)
  A spectral fenstrider witch (Swamp:2)
  An ogre mage (Volcano)
  A naga sharpshooter (Snake:1)
  A spriggan berserker (Elf:3)
  A sixfirhy (Swamp:4)
  A goliath frog (Swamp:1)
  2 deep elf pyromancers
  A naga mage (Snake:1)
  3 bloated husks
  2 slime creatures (D:13)
  A spriggan (Swamp:3)
  A chaos spawn (Swamp:4)
  An orc warrior (Vaults:5)
  5 jellies (Depths:1)
  3 kobolds (D:6)
  16 foxfires
  42 fungi
  109 plants
  A starspawn tentacle (Abyss:4)
  5 tentacles (Abyss:4)
199 creatures vanquished.

Grand Total: 2035 creatures vanquished

Notes
Turn   | Place    | Note
-------+----------+-------------------------------------------
     0 | D:1      | benadryl the Gargoyle Berserker began the quest for the
                  | Orb.
     0 | D:1      | Reached XP level 1. HP: 14/14 MP: 1/1
   147 | D:1      | Reached XP level 2. HP: 14/19 MP: 2/2
  1052 | D:2      | Found a faded altar of an unknown god.
  1231 | D:2      | Reached XP level 3. HP: 7/24 MP: 3/3
  1683 | D:2      | Noticed Robin
  1695 | D:2      | Reached ** piety under Trog
  1698 | D:2      | Killed Robin
  2260 | D:3      | Reached skill level 4 in Fighting
  2273 | D:3      | Reached XP level 4. HP: 27/29 MP: 4/4
  2563 | D:3      | Reached XP level 5. HP: 26/34 MP: 5/5
  2974 | D:3      | Found a stormy altar of Qazlal.
  3001 | D:3      | Found a radiant altar of Vehumet.
  3022 | D:3      | Reached skill level 5 in Axes
  3224 | D:4      | Noticed a black bear
  3299 | D:3      | Reached XP level 6. HP: 33/40 MP: 6/6
  3313 | D:4      | Noticed Ijyb
  3359 | D:3      | Killed Ijyb
  3410 | D:3      | Killed a black bear
  3411 | D:3      | Reached skill level 5 in Fighting
  3477 | D:4      | Identified the +7 sling "Qidgh" {flame, rN++}
  3604 | D:4      | Found Zin's Purification Station.
  3609 | D:4      | Found a glowing silver altar of Zin.
  3653 | D:4      | Reached XP level 7. HP: 24/44 MP: 7/7
  3873 | D:4      | Reached skill level 6 in Fighting
  3971 | D:4      | Found a broken altar of Ashenzari.
  4176 | D:5      | Entered Level 5 of the Dungeon
  4271 | D:5      | Reached XP level 8. HP: 52/52 MP: 8/8
  4305 | D:5      | Found a glowing drain.
  4310 | Sewer    | Entered a sewer
  4311 | Sewer    | Upgraded the game from 0.29-a0-911-g88e6f02907 to
                  | 0.29-a0-919-gd064cfad1c
  4348 | Sewer    | Reached *** piety under Trog
  4393 | Sewer    | Noticed Pargi
  4410 | Sewer    | Killed Pargi
  4675 | D:5      | Noticed Sigmund
  4682 | D:5      | Killed Sigmund
  4683 | D:5      | Reached skill level 7 in Fighting
  5099 | D:5      | Noticed a yak
  5101 | D:5      | Noticed a yak
  5102 | D:5      | Noticed a yak
  5119 | D:5      | Killed a yak
  5121 | D:5      | Noticed a yak
  5123 | D:5      | Killed a yak
  5128 | D:5      | Noticed a yak
  5129 | D:5      | Killed a yak
  5130 | D:5      | Reached XP level 9. HP: 59/59 MP: 9/9
  5139 | D:5      | Reached skill level 8 in Fighting
  5140 | D:5      | Found a bloodstained altar of Trog.
  5974 | D:6      | Reached skill level 10 in Axes
  6102 | D:6      | Reached skill level 9 in Fighting
  6251 | D:6      | Reached **** piety under Trog
  6254 | D:6      | Reached XP level 10. HP: 55/66 MP: 10/10
  6789 | D:7      | Found a staircase to the Ecumenical Temple.
  6959 | D:7      | Found a flagged portal.
  6974 | Bailey   | Entered a bailey
  7055 | Bailey   | Noticed an orc knight
  7071 | Bailey   | Killed an orc knight
  7072 | Bailey   | Reached skill level 10 in Fighting
  7115 | Bailey   | Found a burning altar of Makhleb.
  7208 | D:7      | Found a shimmering blue altar of Sif Muna.
  7540 | D:8      | Noticed Prince Ribbit
  7548 | D:8      | Killed Prince Ribbit
  8176 | D:9      | Reached XP level 11. HP: 73/73 MP: 11/11
  8181 | D:9      | Noticed Erica
  8189 | D:9      | Killed Erica
  8190 | D:9      | Reached skill level 11 in Fighting
  8325 | D:9      | Reached ***** piety under Trog
  8394 | D:9      | Noticed Psyche
  8545 | D:9      | Killed Psyche
  8735 | D:9      | Found a staircase to the Lair.
  8754 | D:9      | Noticed Grum
  8767 | D:9      | Killed Grum
  8833 | D:9      | Noticed a two-headed ogre
  8839 | D:9      | Killed a two-headed ogre
  8876 | D:9      | Noticed a deep elf pyromancer
  8883 | D:9      | Killed a deep elf pyromancer
  8883 | D:9      | Noticed a two-headed ogre
  8888 | D:9      | Killed a two-headed ogre
  8905 | D:9      | Identified the +1 ring mail of Card Tricks {rPois Dex+4}
  8908 | D:9      | Noticed Harold
  8923 | D:9      | Killed Harold
  8924 | D:9      | Reached skill level 12 in Fighting
  9220 | Lair:1   | Entered Level 1 of the Lair of Beasts
  9341 | D:9      | Reached XP level 12. HP: 36/82 MP: 12/12
  9419 | Lair:1   | Found a transporter.
  9675 | Lair:1   | Identified the +2 robe of Ycsouj {Dex-4 SInv Stlth+}
  9816 | Lair:1   | Reached skill level 15 in Axes
  9820 | Lair:1   | Reached skill level 13 in Fighting
  9945 | Lair:1   | Noticed Gastronok
  9956 | Lair:1   | Killed Gastronok
 10173 | Lair:1   | Noticed a four-headed hydra
 10184 | Lair:1   | Killed a four-headed hydra
 10343 | Lair:1   | Found a transporter.
 10674 | Lair:2   | Found a gate leading to a gauntlet.
 10683 | Gauntlet | Entered a Gauntlet
 10683 | Gauntlet | Found a transporter.
 10686 | Gauntlet | Found a transporter.
 10688 | Gauntlet | Found a transporter.
 10689 | Gauntlet | Found a transporter.
 10692 | Gauntlet | Found a transporter.
 10697 | Gauntlet | Found a transporter.
 10698 | Gauntlet | Noticed a death scarab
 10702 | Gauntlet | Noticed a death scarab
 10704 | Gauntlet | Found a transporter.
 10705 | Gauntlet | Found a transporter.
 10723 | Gauntlet | Found a transporter.
 10736 | Gauntlet | Noticed a shock serpent
 10736 | Gauntlet | a torpor snail changed into a shock serpent
 10737 | Gauntlet | a shock serpent changed into a moth of wrath
 10741 | Gauntlet | Found a transporter.
 10745 | Gauntlet | Found a transporter.
 10749 | Gauntlet | Found a runed translucent door.
 10751 | Gauntlet | Found a runed translucent door.
 10753 | Gauntlet | Found a transporter.
 10879 | Gauntlet | Reached XP level 13. HP: 68/89 MP: 13/13
 10909 | Gauntlet | Identified the +0 cloak "Moang" {Rampage rC++ Str+3 Slay-5}
 11000 | Gauntlet | Noticed a minotaur
 11007 | Gauntlet | Killed a minotaur
 11008 | Gauntlet | Reached skill level 14 in Fighting
 11139 | Lair:2   | Found a staircase to the Swamp.
 11270 | Lair:2   | Received a gift from Trog
 11531 | Lair:2   | Found a runed translucent door.
 11553 | Lair:2   | Identified the +6 whip of Dykhus {freeze, +Blink MP+9
                  | Int+7}
 11554 | Lair:2   | Identified the +1 hat "Ithrudesu" {Contam Fly Dex-4 SInv}
 11801 | Lair:2   | Found a runed translucent gate.
 11801 | Lair:2   | Found a runed translucent gate.
 11801 | Lair:2   | Found a runed translucent gate.
 11801 | Lair:2   | Found a runed translucent gate.
 11973 | Lair:3   | Found a white marble altar of Elyvilon.
 12068 | Lair:3   | Found a staircase to the Snake Pit.
 12654 | Lair:4   | Found a staircase to the Slime Pits.
 12656 | Lair:4   | Found a viscous altar of Jiyva.
 12878 | Lair:4   | Reached skill level 15 in Fighting
 13377 | Lair:5   | Entered Level 5 of the Lair of Beasts
 13454 | Lair:5   | Gained mutation: Your large and strong wings let you fly.
                  | [Gargoyle growth]
 13454 | Lair:5   | Reached XP level 14. HP: 81/98 MP: 14/14
 14278 | Lair:5   | Reached skill level 1 in Evocations
 14341 | Lair:5   | Reached skill level 16 in Fighting
 15263 | D:10     | Entered Level 10 of the Dungeon
 15348 | D:10     | Noticed Urug
 15355 | D:10     | Killed Urug
 15364 | D:10     | Noticed Fannar
 15376 | D:10     | Killed Fannar
 15382 | D:10     | Noticed Erolcha
 15394 | D:10     | Killed Erolcha
 15469 | D:10     | Found the +3 warlock's mirror {reflect}
 15507 | D:10     | Noticed Maggie
 15512 | D:10     | Killed Maggie
 16104 | D:10     | Found a glowing golden altar of the Shining One.
 16238 | D:10     | Found a runed translucent door.
 16240 | D:10     | Noticed Pooter's ghost (journeyman MiMo)
 16246 | D:10     | Identified the +6 trident "Hequwk" {freeze, rF+ Dex+4}
 16429 | D:11     | Received a gift from Trog
 16433 | D:11     | Reached XP level 15. HP: 101/105 MP: 15/15
 17316 | D:12     | Reached skill level 5 in Evocations
 17607 | D:12     | Found a staircase to the Orcish Mines.
 17958 | D:12     | Noticed Nessos
 17967 | D:12     | Killed Nessos
 17968 | D:12     | Reached skill level 17 in Fighting
 18127 | D:12     | Upgraded the game from 0.29-a0-919-gd064cfad1c to
                  | 0.29-a0-923-g6e406bff71
 18201 | Orc:1    | Entered Level 1 of the Orcish Mines
 18250 | Orc:1    | Found a dark tunnel.
 18255 | Volcano  | Entered a volcano
 18309 | Volcano  | Found a burning altar of Makhleb.
 18629 | Orc:1    | Found Soaddaj's Self-Improvement Boutique.
 18709 | Orc:2    | Entered Level 2 of the Orcish Mines
 18876 | Orc:2    | Found Gomah's Armour Boutique.
 18974 | Orc:2    | Found Epuod's Assorted Antiques.
 19090 | Orc:2    | Found Jathupun's Magic Scroll Boutique.
 19146 | Orc:2    | Reached ****** piety under Trog
 19192 | Orc:2    | Received a gift from Trog
 19396 | Orc:2    | Noticed an orc warlord
 19619 | Orc:1    | Killed an orc warlord
 19776 | Orc:2    | Found a staircase to the Elven Halls.
 19863 | Orc:2    | Found Gavva's Antique Weapon Shop.
 19867 | Orc:2    | Found Lietzuk's Antique Armour Boutique.
 19879 | Orc:2    | Bought a faintly glowing battleaxe for 345 gold pieces
 19879 | Orc:2    | Identified the +1 battleaxe of Vengeance {pain, Fragile
                  | Int+4} (You bought it in a shop on level 2 of the Orcish
                  | Mines)
 19885 | Orc:2    | Bought a pair of runed gloves for 225 gold pieces
 20381 | Orc:2    | Bought a polished chain mail for 285 gold pieces
 20381 | Orc:2    | Identified the +14 chain mail of Pleasant Breezes {Rampage
                  | rElec Will+ Stlth-} (You bought it in a shop on level 2 of
                  | the Orcish Mines)
 20456 | Orc:1    | Bought a manual of Fighting for 1120 gold pieces
 20705 | Swamp:1  | Entered Level 1 of the Swamp
 20710 | Swamp:1  | Upgraded the game from 0.29-a0-923-g6e406bff71 to
                  | 0.29-a0-925-g0a7a3d12f8
 20817 | Swamp:1  | Reached skill level 18 in Fighting
 21255 | Swamp:2  | Reached XP level 16. HP: 110/116 MP: 16/16
 21319 | Swamp:2  | Found a runed translucent gate.
 21319 | Swamp:2  | Found a runed translucent gate.
 21319 | Swamp:2  | Found a runed translucent gate.
 21320 | Swamp:2  | Noticed Atuuduag's ghost (adept OgGl)
 21544 | Swamp:2  | Reached skill level 19 in Fighting
 21748 | Swamp:3  | Reached skill level 5 in Dodging
 21816 | Swamp:3  | Received a gift from Trog
 22062 | Swamp:3  | Noticed a tentacled monstrosity
 22074 | Swamp:3  | Killed a tentacled monstrosity
 22215 | Swamp:4  | Entered Level 4 of the Swamp
 22215 | Swamp:4  | Noticed a fenstrider witch
 22220 | Swamp:4  | Killed a fenstrider witch
 22238 | Swamp:4  | Reached skill level 20 in Fighting
 22672 | Swamp:4  | Reached skill level 21 in Fighting
 22795 | Swamp:4  | Noticed a fenstrider witch
 22802 | Swamp:4  | Killed a fenstrider witch
 22976 | Swamp:4  | Noticed a fenstrider witch
 22980 | Swamp:4  | Noticed a fenstrider witch
 22985 | Swamp:4  | Killed a fenstrider witch
 22994 | Swamp:4  | Killed a fenstrider witch
 23046 | Swamp:4  | Got a decaying rune of Zot
 23070 | Swamp:4  | Reached XP level 17. HP: 96/128 MP: 17/17
 23298 | Lair:2   | Found a runed translucent gate.
 23298 | Lair:2   | Found a runed translucent gate.
 23316 | Lair:2   | Reached skill level 22 in Fighting
 23512 | Abyss:2  | Cast into level 2 of the Abyss (Pooter's ghost)
 23611 | Abyss:4  | Received a gift from Trog
 23682 | Abyss:4  | Noticed a tentacled starspawn
 23686 | Abyss:4  | Killed a tentacled starspawn
 23694 | Abyss:4  | Noticed a kraken
 23726 | Abyss:4  | Killed a kraken
 23728 | Abyss:4  | Noticed a tentacled monstrosity
 23737 | Abyss:4  | Noticed a tentacled monstrosity
 23737 | Abyss:4  | Killed a tentacled monstrosity
 23739 | Abyss:4  | Noticed a tentacled starspawn
 23752 | Abyss:4  | Killed a tentacled monstrosity
 23753 | Abyss:4  | Killed a tentacled starspawn
 23762 | Abyss:4  | Got an abyssal rune of Zot
 23772 | D:10     | Escaped the Abyss
 23781 | D:10     | Killed Pooter's ghost
 23909 | D:10     | Upgraded the game from 0.29-a0-925-g0a7a3d12f8 to
                  | 0.29-a0-1008-g949cc1d0fb
 24047 | Snake:1  | Entered Level 1 of the Snake Pit
 24085 | Snake:1  | Noticed Aizul
 24094 | Snake:1  | Killed Aizul
 24095 | Snake:1  | Reached skill level 1 in Throwing
 24238 | Snake:1  | Noticed Nikola
 24406 | Snake:1  | Killed Nikola
 24861 | Snake:2  | Reached skill level 23 in Fighting
 24962 | Snake:2  | Found a shadowy altar of Dithmenos.
 24988 | Snake:2  | Reached skill level 5 in Throwing
 25242 | Snake:2  | Reached XP level 18. HP: 136/136 MP: 18/18
 25262 | Snake:2  | Found Fipiej's Jewellery Emporium.
 25263 | Snake:2  | Found Uwealam's Book Boutique.
 25264 | Snake:2  | Found Akhyrhya's Jewellery Emporium.
 25278 | Snake:2  | Bought the ring "Tucvyunk" {+Blink rElec rC+ Will+} for 825
                  | gold pieces
 26368 | Snake:3  | Received a gift from Trog
 26370 | Snake:3  | Noticed Vashnia
 26492 | Snake:3  | Killed Vashnia
 26970 | Snake:4  | Entered Level 4 of the Snake Pit
 27252 | Snake:4  | Noticed Louise
 27259 | Snake:4  | Killed Louise
 27784 | Snake:4  | Received a gift from Trog
 27825 | Snake:4  | Reached XP level 19. HP: 134/144 MP: 19/19
 27986 | Snake:4  | Got a serpentine rune of Zot
 28314 | Snake:4  | Reached skill level 24 in Fighting
 28584 | Swamp:2  | Killed Atuuduag's ghost
 28588 | Swamp:2  | Received a gift from Trog
 28827 | D:13     | Found a transporter.
 28933 | D:13     | Noticed Fugryada's ghost (journeyman VSEn)
 28964 | D:13     | Found a transporter.
 29166 | D:13     | Reached skill level 10 in Throwing
 29413 | D:14     | Found a frozen archway.
 29423 | IceCv    | Entered an ice cave
 30056 | D:14     | Found Escho's Antique Weapon Shoppe.
 30088 | D:14     | Found a gate to the Vaults.
 30179 | D:14     | You are sucked into a shaft and drop 1 floor!
 30179 | D:15     | Entered Level 15 of the Dungeon
 30191 | D:15     | Received a gift from Trog
 30430 | D:14     | Identified the +3 ring mail of Tender Moments {rC+ Will+
                  | Slay+5}
 31093 | D:15     | Found a staircase to the Depths.
 31206 | D:15     | Noticed Jorgrun
 31213 | D:15     | Killed Jorgrun
 31509 | Orc:2    | Bought a scroll of enchant armour for 97 gold pieces
 31509 | Orc:2    | Bought a scroll of enchant weapon for 97 gold pieces
 31509 | Orc:2    | Bought a scroll of enchant weapon for 97 gold pieces
 31723 | Vaults:1 | Entered Level 1 of the Vaults
 31850 | Elf:1    | Entered Level 1 of the Elven Halls
 31851 | Elf:1    | Upgraded the game from 0.29-a0-1008-g949cc1d0fb to
                  | 0.29-a0-1009-g60c99734e7
 32101 | Elf:1    | Noticed Agnes
 32113 | Elf:1    | Killed Agnes
 32114 | Elf:1    | Reached skill level 25 in Fighting
 32184 | Elf:1    | Reached XP level 20. HP: 135/152 MP: 20/20
 32359 | Elf:1    | Found Nuanef's Assorted Antiques.
 32382 | Elf:1    | Bought an ancient cloak for 361 gold pieces
 32382 | Elf:1    | Identified the -1 cloak of the Stone Wall {Will- Str+4}
                  | (You bought it in a shop on level 1 of the Elven Halls)
 32548 | Elf:1    | Noticed Azrael
 32570 | Elf:1    | Killed Azrael
 32720 | Elf:2    | Identified the +10 battleaxe "Waul" {antimagic, rC+ rN+
                  | SInv} (Trog gifted it to you on level 2 of the Elven Halls)
 32720 | Elf:2    | Received a gift from Trog
 32967 | Elf:2    | Found a huge runed translucent gate.
 32967 | Elf:2    | Found a huge runed translucent gate.
 32967 | Elf:2    | Found a huge runed translucent gate.
 32976 | Elf:2    | Found a huge runed translucent gate.
 32977 | Elf:2    | Found a huge runed translucent gate.
 33107 | Elf:3    | Entered Level 3 of the Elven Halls
 33227 | Elf:3    | Received a gift from Trog
 33290 | Elf:3    | Identified the +8 great sword "Udihe" {protect, rC++}
 33427 | Elf:3    | Reached skill level 26 in Fighting
 33454 | Elf:3    | Identified the +5 sling of Hil Rocs {venom, rN+}
 33481 | Elf:3    | Identified the +3 ring mail "Hoipluc" {Str+6 Dex-4}
 33832 | Elf:3    | Identified the +10 battleaxe of the Crawling Thing {vorpal,
                  | rPois rC+++ Stlth+} (Trog gifted it to you on level 3 of
                  | the Elven Halls)
 33832 | Elf:3    | Received a gift from Trog
 33928 | Elf:3    | Found a bloodstained altar of Trog.
 34374 | Vaults:1 | Reached XP level 21. HP: 119/160 MP: 21/21
 34923 | Vaults:1 | Received a gift from Trog
 35530 | Vaults:1 | Found Miosilot's Jewellery Boutique.
 35811 | Vaults:2 | Reached skill level 27 in Fighting
 35867 | Vaults:2 | Found a staircase to the Crypt.
 36274 | Vaults:2 | Identified a scroll of acquirement
 37064 | Vaults:3 | Reached skill level 5 in Armour
 37141 | Vaults:3 | Received a gift from Trog
 37196 | Vaults:3 | Reached XP level 22. HP: 139/169 MP: 22/22
 38003 | Vaults:3 | Received a gift from Trog
 38806 | Vaults:4 | Received a gift from Trog
 39486 | Vaults:4 | Received a gift from Trog
 39487 | Vaults:4 | Reached XP level 23. HP: 175/175 MP: 23/23
 39556 | Vaults:4 | Reached skill level 10 in Dodging
 39608 | Vaults:4 | Reached skill level 10 in Armour
 40316 | Snake:2  | Bought a ring of fire for 400 gold pieces
 40707 | Vaults:5 | Entered Level 5 of the Vaults
 40715 | Vaults:5 | Identified the +1 glaive of Zin's Respect {flame, Int+7}
 40723 | Vaults:5 | Noticed a golden dragon
 40754 | Vaults:5 | Noticed a dread lich
 40760 | Vaults:5 | Killed a dread lich
 40762 | Vaults:5 | Killed a golden dragon
 40792 | Vaults:5 | Received a gift from Trog
 41621 | Vaults:5 | Got a silver rune of Zot
 42024 | Vaults:5 | Identified the +6 scale mail "Vuril" {rF+ rCorr Int+2
                  | Dex+4}
 42100 | Vaults:5 | Identified the +2 leather armour of Reason {Int+5}
 42168 | Vaults:5 | Reached XP level 24. HP: 181/181 MP: 23/23
 42174 | Vaults:5 | Identified the +8 scimitar "Fuhiom" {vorpal, rN+ Str+2
                  | Int+3}
 42518 | Lair:4   | Fell from the grace of Trog
 42518 | Lair:4   | Became a worshipper of Jiyva Jiefa the Shapeless
 42749 | Depths:1 | Entered Level 1 of the Depths
 43221 | Depths:1 | Found a glowing golden altar of the Shining One.
 43693 | Depths:1 | Reached * piety under Jiyva
 43749 | Depths:1 | Mangled by a stone giant

Illustrated notes

Levels and vault maps discovered:
D:1:      lemuel_arrival_river_bridge, layout_rooms, minmay_tripent
D:2:      layout_loops_corners, basic_ecumenical_altar, uniq_robin
D:3:      layout_rooms, mainiacjoe_overflow_large_starburst, serial_rivers,
          chequers_serial_rivers_micro_d, chequers_serial_rivers_micro_e,
          chequers_serial_rivers_marsh, chequers_serial_rivers_marsh,
          nicolae_concentric_dashed_squares_mild
D:4:      layout_cave_pools, zin_purify, kennysheep_little_box, uniq_ijyb
D:5:      layout_basic, mainiacjoe_overflow_brackets, gup_sewer_entry_bowl,
          kennysheep_minor_cross, nrook_loot_triangle,
          kennysheep_generic_room_13, uniq_sigmund
D:6:      layout_basic
D:7:      layout_basic, nicolae_overflow_hidden_temple,
          minmay_temple_entry_waves, enter_bailey_5
D:8:      layout_basic, uniq_prince_ribbit1
D:9:      layout_gridville, grunt_lair_entry_orc_guard_hut, uniq_harold,
          uniq_erica, uniq_grum, uniq_psyche
D:10:     minmay_smoke_and_mirrors, layout_long_grid, amcnicky_altar_gilded,
          ebering_ghost_funeral_grove, grunt_ministairs_11, uniq_erolcha,
          uniq_urug, uniq_fannar, uniq_maggie
D:11:     layout_gridville, grunt_decor_clamped, minivault_21
D:12:     layout_basic, erik_orc_1, uniq_nessos
D:13:     layout_basic, nzn_ghost_randoct, kennysheep_generic_room_5
D:14:     layout_long_grid, hangedman_vaults_entry_quadrant_bands, serial_shops,
          shop, minivault_14, portal_ice_cave_entry_pillars_four
D:15:     grunt_enter_depths_giant_problem, layout_rooms, serial_bayou,
          serial_bayou_pond_b, serial_bayou_pond_e, serial_bayou_pond_e,
          serial_bayou_pond_a, serial_bayou_lagoon_b, serial_bayou_lagoon_a,
          dreamdust_looks_like_rain, uniq_jorgrun
Lair:1:   gammafunk_cloud_chamber, layout_cave_pods, grunt_megastairs_4,
          uniq_gastronok
Lair:2:   gammafunk_indiana_jones, layout_regular_city,
          nicolae_swamp_entry_splash_gauntlet, gauntlet_entry_generic
Lair:3:   layout_loops_ring, guppyfry_snake_entry_garden, serial_bayou,
          serial_bayou_shore_b, serial_bayou_shore_b, serial_bayou_pond_e,
          serial_bayou_pond_e, lemuel_oklob_altar, serial_bayou_shore_b,
          lemuel_fruit_tree, infiniplex_staircase_pool
Lair:4:   layout_misc_corridors, slime_entry_1, serial_bayou_pond_e,
          grunt_megastairs_2
Lair:5:   minmay_lair_end_enchanted_forest, layout_small_grid,
          nicolae_quartered_pool_impasse, wad_woods_road_05, grunt_megastairs_5
Swamp:1:  layout_falls_marsh, evilmike_swamp_ruin_rubble_1
Swamp:2:  layout_basic_swamp, gammafunk_ghost_necromancy,
          hangedman_swamp_ruin_wall
Swamp:3:  layout_basic_swamp, evilmike_swamp_ruin_wall
Swamp:4:  nzn_swamp_witches_coven, layout_basic_swamp, swamp_pool5
Snake:1:  layout_misc_corridors, uniq_aizul, uniq_nikola
Snake:2:  layout_layer_cave, basic_altar, minmay_shop_grove
Snake:3:  layout_cave_shapes, uniq_vashnia
Snake:4:  snake_pit, layout_concentric_octagons, grunt_ministairs_3,
          serial_bayou_shore_a, uniq_louise
Orc:1:    layout_caves, basic_altar, enter_volcano_4, nicolae_shop_self_help
Orc:2:    grunt_orc_community_town_hall, layout_caves,
          grunt_orc_community_big_house_2, grunt_orc_community_big_house_2,
          grunt_orc_community_house_1, grunt_orc_community_house_1,
          grunt_orc_community_house_1, grunt_orc_community_house_3,
          grunt_orc_community_house_2, serial_shops, shop, basic_altar
Elf:1:    eino_elf_arrival_the_gate, layout_loops_corners, serial_shops,
          nicolae_shop_statue_plus, minmay_elf_demonology,
          minmay_misc_feat_pillars, uniq_azrael, uniq_agnes
Elf:2:    elven_hall_of_blades_hangedman_alternative
          [nicolae_blade_entry_antechamber], layout_rooms
Elf:3:    minmay_elf_hall_furrowed, layout_loops_ring,
          evilmike_spriggan_trog_shrine
Vaults:1: hangedman_vaults_variations, nicolae_vaults_inception_network,
          vaults_room_large_hall, vaults_room_grunt_arrival_checkpoint,
          ontoclasm_vaults_ring_large, hangedman_vaults_maws,
          nicolae_vaults_rhombus_6, nicolae_vaults_border_crossing,
          nicolae_vaults_gold_heap, layout_vaults_big_cross, serial_shops, shop
Vaults:2: v_rooms_6, minmay_crypt_entry_simple_sparse, ontoclasm_vaults_twist,
          nicolae_vaults_arrows, hangedman_vaults_locks, vaults_mumra_minichess,
          vaults_room_glass_cross, nicolae_vaults_little_squares_3,
          layout_vaults_big_room
Vaults:3: v_alt_pattern_5, st_lines, hangedman_vaults_maws,
          nicolae_vaults_little_squares_6, v_pattern_3,
          hangedman_vaults_slither, ontoclasm_vaults_hangar,
          hangedman_vaults_capsules, layout_vaults_omnibox
Vaults:4: nicolae_vaults_little_squares_4, nicolae_vaults_disjoint_gnomons,
          nicolae_vaults_network_s, nicolae_vaults_big_ls,
          grunt_vaults_trifunnel, vaults_dpeg_doors,
          nicolae_vaults_c_with_doors, hangedman_vaults_hat,
          nicolae_vaults_network_periphery, ontoclasm_vaults_gateway,
          vaults_dpeg_diagonal, vaults_dpeg_encased_lava, layout_vaults_maze
Vaults:5: serial_shops, uniq_margery
Depths:1: layout_big_octagon, grunt_mini_vestibule, tso_metal_star

Skill      XL: |  1  2  3  4  5  6  7  8  9 10 11 12 13 14 15 16 17 18 19 20 21 22 23 24 |
---------------+-------------------------------------------------------------------------+-----
Axes           | 3 4 5 6 7 8 10 12 14 16 19 20 21 22 23 24 25 26 | 26.9
Fighting       | 4 5 6 7 9 10 12 13 15 16 18 21 23 25 26 27 | 27.0
Evocations     | 4 6 |  6.7
Dodging        | 3 6 7 9 11 12 | 12.0
Throwing       | 5 9 10 | 10.1
Armour         | 5 9 12 13 | 13.2

Action                   |  1- 3 |  4- 6 |  7- 9 | 10-12 | 13-15 | 16-18 | 19-21 | 22-24 || total
-------------------------+-------+-------+-------+-------+-------+-------+-------+-------++-------
Melee: Hand axe          |   108 |   169 |   239 |       |       |       |       |       ||   516
       Punch             |     3 |       |     2 |       |       |       |       |       ||     5
       Battleaxe         |       |       |   127 |   313 |   775 |   867 |   954 |   885 ||  3921
       Executioner's axe |       |       |       |       |       |       |   211 |       ||   211
 Fire: Sling             |       |    11 |     4 |    19 |    29 |       |       |       ||    63
Throw: Throwing net      |       |       |     1 |     1 |       |       |     3 |       ||     5
       Javelin           |       |       |       |       |       |    10 |    10 |     1 ||    21
Invok: Berserk           |     1 |     4 |     7 |     5 |     7 |     4 |     4 |     2 ||    34
       Trog's Hand       |       |       |     2 |       |     1 |     2 |     5 |     5 ||    15
       Brothers in Arms  |       |       |       |     1 |    13 |    10 |     5 |     8 ||    37
 Abil: Evoke Invisibilit |       |       |       |       |     1 |       |       |       ||     1
       Evoke Blink       |       |       |       |       |       |     1 |     1 |       ||     2
Evoke: Wand              |       |       |       |       |     7 |     8 |     1 |       ||    16
       Lightning rod     |       |       |       |       |     4 |       |       |       ||     4
       Condenser vane    |       |       |       |       |       |     1 |     3 |     2 ||     6
  Use: Scroll            |       |       |    19 |     4 |    13 |     3 |    11 |    19 ||    69
       Potion            |       |       |       |       |     4 |       |     1 |     2 ||     7
 Stab: Sleeping          |     1 |       |       |       |       |       |       |       ||     1
       Distracted        |       |       |       |     1 |     3 |    15 |     7 |     1 ||    27
       Invisible         |       |       |       |       |     1 |       |       |       ||     1
Armor: Animal skin       |    48 |       |       |       |       |       |       |       ||    48
       Chain mail        |    10 |   131 |   287 |    73 |   222 |   617 |   748 |   400 ||  2488
       Plate armour      |       |       |       |   183 |   288 |       |       |       ||   471
       Gold dragon scale |       |       |       |       |       |       |       |   377 ||   377
Dodge: Dodged            |    60 |    75 |   134 |   109 |   232 |   295 |   350 |   355 ||  1610

Table legend: (Time is in decaauts)
 A = Elapsed time spent in this place.
 B = Non-inter-level travel time spent in this place.
 C = Inter-level travel time spent in this place.
 D = Time resting spent in this place.
 E = Time spent auto-exploring this place.
 F = Levels seen in this place.
 G = Mean time per level.
                   A        B        C        D        E       F      G
               +--------+--------+--------+--------+--------+-----+--------+
         Total |  43147 |  33542 |   9605 |   6162 |  11181 |  47 |  918.0 |
       Dungeon |  16117 |  13193 |   2924 |   2338 |   7205 |  15 | 1074.5 |
          Lair |   6330 |   5356 |    974 |    598 |   3332 |   5 | 1266.0 |
         Swamp |   2552 |   1888 |    664 |    389 |      1 |   4 |  638.0 |
     Snake Pit |   4293 |   2885 |   1408 |    513 |    467 |   4 | 1073.2 |
  Orcish Mines |   2080 |   1393 |    687 |    601 |     34 |   2 | 1040.0 |
   Elven Halls |   2104 |   1649 |    455 |    138 |      0 |   3 |  701.3 |
        Vaults |   7248 |   4797 |   2451 |   1071 |    141 |   5 | 1449.6 |
        Depths |    574 |    535 |     39 |    206 |      0 |   1 |  574.0 |
         Abyss |    247 |    247 |      0 |      5 |      0 |   3 |   82.3 |
         Sewer |    195 |    195 |      0 |     28 |      0 |   1 |  195.0 |
        Bailey |    192 |    192 |      0 |     36 |      0 |   1 |  192.0 |
      Ice Cave |    548 |    548 |      0 |    157 |      0 |   1 |  548.0 |
       Volcano |    325 |    325 |      0 |     42 |      0 |   1 |  325.0 |
      Gauntlet |    337 |    337 |      0 |     37 |      0 |   1 |  337.0 |
               +--------+--------+--------+--------+--------+-----+--------+

Top non-repeatable levels by time:
  Lair:5: 1707 daAuts
Vaults:4: 1651 daAuts
Vaults:2: 1625 daAuts
    D:10: 1612 daAuts
Vaults:1: 1556 daAuts
  Lair:1: 1487 daAuts
     D:2: 1479 daAuts
     D:5: 1437 daAuts
   Orc:2: 1341 daAuts
 Snake:3: 1310 daAuts
  Lair:2: 1290 daAuts
    D:12: 1264 daAuts
 Snake:4: 1241 daAuts
     D:9: 1229 daAuts
Vaults:3: 1225 daAuts
